 Dungeon Crawl Stone Soup version 0.32-a0-872-g59262bdc9b (webtiles) character file.

Game seed: 11653967289662773940

2 601d51SH the Covert (level 1, -2/23 HPs)
             Began as a Gnoll Delver on Mar 31, 2024.
             Slain by a black bear (4 damage)
             ... on level 5 of the Dungeon.
             The game lasted 00:00:27 (52 turns).

601d51SH the Covert (Gnoll Delver)                    Turns: 52, Time: 00:00:27

Health: -2/23      AC:  3    Str: 11    XL:     1   Next: 40%
Magic:  1/1        EV: 12    Int:  9    God:
Gold:   0          SH:  0    Dex: 13    Spells: 0/0 levels left

rFire   . . .        a - +0 spear
rCold   . . .        (no shield)
rNeg    . . .        b - +0 leather armour
rPois   .            (no helmet)
rElec   .            (no cloak)
rCorr   .            (no gloves)
SInv    .            (no boots)
Will    .....        (no amulet)
Stlth   ++++         (no ring)
HPRegen 0.23/turn    (no ring)
MPRegen 0.07/turn

%: no passive effects
@: no status effects
A: fangs 1, strong nose, distributed training
a: no special abilities


You were on level 5 of the Dungeon.
You visited 1 branch of the dungeon, and saw 1 of its levels.

Inventory:

Hand Weapons
 a - a +0 spear (weapon)
Armour
 b - a +0 leather armour (worn)
 h - a +0 chain mail
Wands
 g - a wand of digging (3)
Scrolls
 c - a scroll of fog
 d - a scroll of revelation
 e - a scroll of fear
Potions
 f - 2 potions of haste


   Skills:
 + Level 6.4 Fighting
 + Level 0.0 Short Blades
 + Level 0.0 Long Blades
 + Level 0.0 Axes
 + Level 0.0 Maces & Flails
 + Level 4.4 Polearms
 + Level 0.0 Staves
 + Level 0.0 Ranged Weapons
 + Level 0.0 Throwing
 + Level 0.0 Armour
 + Level 4.4 Dodging
 + Level 9.5 Stealth
 + Level 0.0 Shields
 + Level 0.0 Unarmed Combat
 + Level 0.0 Spellcasting
 + Level 0.0 Conjurations
 + Level 0.0 Hexes
 + Level 0.0 Summonings
 + Level 0.0 Necromancy
 + Level 0.0 Translocations
 + Level 0.0 Fire Magic
 + Level 0.0 Ice Magic
 + Level 0.0 Air Magic
 + Level 0.0 Earth Magic
 + Level 0.0 Alchemy
 + Level 0.1 Invocations
 + Level 0.0 Evocations
 + Level 0.0 Shapeshifting


You couldn't memorise any spells.
You didn't know any spells.
Your spell library was empty.

Dungeon Overview and Level Annotations

Branches:
Dungeon (5/15)
 Temple: D:4-7

Altars:
Gozag


Innate Abilities, Weirdness & Mutations

You have very sharp teeth.
Your uncanny sense of smell can sniff out nearby items.
Your experience applies equally to all skills.


Message History

You hit the dart slug.
You kill the dart slug!
f - 2 potions of haste (gained 1)
There are no items here.
Found 16 gold pieces.
A sleepcap comes into view.
A hound comes into view.
You see here a +0 chain mail.
h - a +0 chain mail
Found 10 gold pieces.
You see here a +0 dagger.
The black bear growls angrily.
Found an opulent altar of Gozag.
A steam dragon comes into view.
Found a ring mail.
Found a war axe.
The sleepcap releases spores at you.
Found a bubbling pink potion.
A bombardier beetle comes into view.
The hound bites you.
Found a stone staircase leading up.
A scorpion comes into view.
Found a stone staircase leading up.
The hound attacks as it pursues you! The hound closely misses you.
The hound bites you.
You see here a +0 ring mail.
The hound barely misses you.
A gnoll comes into view. It is wielding a +0 spear.
The sleepcap releases spores at you. The hound bites you but does no damage.
An adder and 3 gnolls come into view.
The sleepcap attacks as it pursues you! The sleepcap barely misses you.
The hound barely misses you. The hound attacks as it pursues you!
The hound bites you but does no damage. The sleepcap attacks as it pursues you!
The sleepcap releases spores at you.
You are engulfed in a cloud of soporific spores!
You fall asleep.
The hound bites you!
You wake up.
* * * LOW HITPOINT WARNING * * *
The sleepcap misses you. The gnoll barely misses you. The hound misses you.
The hound closely misses you. The gnoll completely misses you.
The black bear misses you. The black bear claws you.
You die...

.............#
..............#
...............#
.g..g..g.......#
...............#
..........g....S.##
.................#.
.........f@<...... #
...#..!.hh....... #. #.
#...........##
#..#.##....###.###.. ∆
#........##.....##...
.^#..).....#.ß...ß.#...
.......[...#.......#...
..............._.....D.
..#.....##.#.......#..


You could see a black bear, a sleepcap, a hound, 3 gnolls and an adder (asleep).

Vanquished Creatures
  A dart slug (D:5)
1 creature vanquished.

Notes
Turn   | Place    | Note
-------+----------+-------------------------------------------
     0 | D:5      | Reached skill level 9 in Stealth
     0 | D:5      | 601d51SH the Gnoll Delver began the quest for the Orb.
     0 | D:5      | Reached XP level 1. HP: 23/23 MP: 1/1
     3 | D:5      | Noticed a hound
     6 | D:5      | Noticed a black bear
    22 | D:5      | Noticed a sleepcap
    24 | D:5      | Noticed a hound
    30 | D:5      | Found an opulent altar of Gozag.
    35 | D:5      | Noticed a steam dragon
    42 | D:5      | Noticed a bombardier beetle
    44 | D:5      | Noticed a scorpion
    51 | D:5      | HP: 1/23 [hound (9)]
    52 | D:5      | Slain by a black bear

Illustrated notes

Levels and vault maps discovered:
D:5:      lemuel_ratsnest, layout_rooms, grunt_gozag_statues, minmay_holes

Skill      XL: | |
---------------+-+-----
Stealth        | |  9.5
Fighting       | |  6.4
Polearms       | |  4.4
Dodging        | |  4.4
Invocations    | |  0.1

Action                     || total
---------------------------++-------
  Melee: Spear             ||     5
 Armour: Leather armour    ||     9
  Dodge: Dodged            ||    13

Table legend: (Time is in decaauts)
 A = Elapsed time spent in this place.
 B = Non-inter-level travel time spent in this place.
 C = Inter-level travel time spent in this place.
 D = Time resting spent in this place.
 E = Time spent auto-exploring this place.
 F = Levels seen in this place.
 G = Mean time per level.
                   A        B        C        D        E       F      G
               +--------+--------+--------+--------+--------+-----+--------+
         Total |     51 |     51 |      0 |      0 |      0 |   1 |   51.0 |
       Dungeon |     51 |     51 |      0 |      0 |      0 |   1 |   51.0 |
               +--------+--------+--------+--------+--------+-----+--------+

Top non-repeatable levels by time:
     D:5: 51 daAuts
